 Dungeon Crawl Stone Soup version 0.29.1-12-g30fa7ad0bf (webtiles) character file.

Game seed: 18322475780279781656

32 KittyFluff the Trooper (level 3, -2/23 HPs)
             Began as a Gargoyle Berserker on Jan 14, 2023.
             Was a Follower of Trog.
             Slain by an orc wizard
             ... wielding a +0 dagger
              (3 damage)
             ... on level 2 of the Dungeon.
             The game lasted 00:06:08 (1743 turns).

KittyFluff the Trooper (Gargoyle Berserker)         Turns: 1743, Time: 00:06:09

Health: -2/23      AC: 12    Str: 20    XL:     3   Next: 25%
Magic:  3/3        EV: 11    Int:  7    God:    Trog [*.....]
Gold:   108        SH:  0    Dex: 11    Spells: 2/2 levels left

rFire   . . .      SeeInvis .   a - +0 mace
rCold   . . .      Faith    .   (no shield)
rNeg    + . .      Spirit   .   l - +0 leather armour
rPois   ∞          Reflect  .   (no helmet)
rElec   +          Harm     .   p - +2 cloak
rCorr   .          Rampage  .   c - +2 pair of gloves
Will    .....                   (no boots)
Stlth   +.........              (no amulet)
HPRegen 0.07/turn               (no ring)
MPRegen 0.08/turn               (no ring)

@: confused, on berserk cooldown, slowed, very slow
A: sickness immunity, AC +3, negative energy resistance 1, electricity
resistance, torment resistance 1, petrification resistance
a: Renounce Religion, Berserk


You were on level 2 of the Dungeon.
You worshipped Trog.
Trog was aware of your devotion.
You visited 1 branch of the dungeon, and saw 4 of its levels.

You collected 108 gold pieces.

Inventory:

Hand Weapons
 a - a +0 mace (weapon)
Missiles
 f - 5 stones (quivered)
 m - 3 boomerangs
Armour
 b - a +0 animal skin
 c - a +2 pair of gloves (worn)
 l - a +0 leather armour (worn)
 p - a +2 cloak (worn)
Scrolls
 d - 2 scrolls of fear {unknown}
 e - a scroll of amnesia {unknown}
 h - a scroll of noise {unknown}
 j - 2 scrolls of identify
 k - a scroll of teleportation {unknown}
 n - a scroll of immolation {unknown}
Potions
 g - a potion of magic
 i - a potion of might
 o - a potion of curing {unknown}


   Skills:
 + Level 3.5 Fighting
 * Level 3.5 Maces & Flails
 * Level 2.9 Armour
 + Level 1.8 Dodging


You had 2 spell levels left.
You didn't know any spells.
Your spell library was empty.

Dungeon Overview and Level Annotations

Branches:
Dungeon (4/15)
 Temple: D:4-7

Altars:

Annotations:
D:2 1 runed translucent door, Crazy Yiuf, Jessica


Innate Abilities, Weirdness & Mutations

You are immune to sickness and miasma.
Your stone body is resilient. (AC +3)
You are immune to poison.
You resist negative energy. (rN+)
You are resistant to electric shocks. (rElec)
You are resistant to unholy torment.
You are immune to petrification.


Message History

The orc wizard is heavily wounded.
The orc wizard hits you but does no damage.
You feel less confused.
You barely miss the orc wizard.
The orc wizard is heavily wounded.
The orc wizard hits you but does no damage.
Jessica points at you and mumbles some strange words.
Pain shoots through your body!
* * * LOW HITPOINT WARNING * * *
You closely miss the orc wizard.
The orc wizard is heavily wounded.
The orc wizard gestures wildly while chanting.
The orc wizard flickers and vanishes!
Deactivating autopickup; reactivate with Ctrl-A.
Something hits you but does no damage.
A red film seems to cover your vision as you go berserk!
You feel yourself moving faster!
You feel mighty! Something hits you.
* * * LOW HITPOINT WARNING * * *
You hit something. You hit something.
You hear some strange, mumbled words.
A puff of flame appears from out of thin air!
The puff of flame misses you.
You miss something.
Jessica gestures wildly while chanting.
Jessica blinks!
You hear some strange, mumbled words.
You are confused.
You miss something. Something hits you but does no damage.
You bump into the rock wall.
Jessica casts a spell.
Jessica blinks!
Something hits you.
* * * LOW HITPOINT WARNING * * *
You bump into the rock wall.
You feel a strong urge to attack something.
You bump into the rock wall.
You are no longer berserk.
You are exhausted.
You feel yourself slow down. Something hits you.
You die...

#...# o....# #.###.
##...##### ....#
#.##.. ..........
....[.# #.##.#
...!...... ... ..#
#.##.# ....:..... ..
#o# #..... #...#
#.##o# #..... #...#
..#K# #.##.# #...# #
#.#{# #.#... #...#
#.##.#@# #.#.8.
#...# #......#
#.#.._ #†###
####.### #.#.8. #.#
#@#############....†
##.######
#.......##.........>
........#
###.....##.#########
##.####.# #........#
#.# #.# #.....####
#.##
#.########.....#


You could see Jessica (fast), 2 orcs and a kobold.

Vanquished Creatures
  An adder (D:2)
  A worm (D:2)
  A dart slug (D:1)
  An orc (D:2)
  An endoplasm (D:1)
  3 hobgoblins
  2 ball pythons
  2 bats (D:1)
  3 goblins
  2 kobolds (D:1)
17 creatures vanquished.

Notes
Turn   | Place    | Note
-------+----------+-------------------------------------------
     0 | D:1      | KittyFluff the Gargoyle Berserker began the quest for the
                  | Orb.
     0 | D:1      | Reached XP level 1. HP: 14/14 MP: 1/1
   239 | D:1      | Reached XP level 2. HP: 19/19 MP: 2/2
   963 | D:2      | Found a runed translucent door.
   964 | D:2      | Noticed Crazy Yiuf
  1300 | D:2      | You fall into a shaft and drop 2 floors!
  1516 | D:2      | Found a faded altar of an unknown god.
  1694 | D:2      | Noticed Jessica
  1710 | D:2      | Reached XP level 3. HP: 17/23 MP: 3/3
  1743 | D:2      | Slain by an orc wizard

Illustrated notes

Levels and vault maps discovered:
D:1:      dpeg_arrival_tiny_a, layout_loops_corners
D:2:      layout_loops_cross, dreamdust_ecumenical_altar_statues, basic_altar,
          minmay_split_cup_small, uniq_jessica, uniq_crazy_yiuf_cottage
D:3:      layout_basic
D:4:      layout_rooms, kennysheep_mini, minitemple, uniq_menkaure, uniq_edmund

Action                   || total
-------------------------++-------
Melee: Mace              ||    77
Throw: Stone             ||     4
Invok: Berserk           ||     1
  Use: Scroll            ||     2
Armor: Animal skin       ||    14
       Leather armour    ||    24
Dodge: Dodged            ||    41
